 Dungeon Crawl Stone Soup version 0.28-a0-1624-g820543e53a (webtiles) character file.

Game seed: 15654895897429933908

219 HallandMoats the Skirmisher (level 5, -7/46 HPs)
             Began as a Ghoul Fighter on Jan 23, 2022.
             Was a Believer of Qazlal.
             Mangled by an ogre (13 damage)
             ... on level 4 of the Dungeon.
             The game lasted 00:03:11 (2762 turns).

HallandMoats the Skirmisher (Ghoul Fighter)         Turns: 2762, Time: 00:03:11

Health: -7/46      AC: 10    Str: 20    XL:     5   Next: 96%
Magic:  5/5        EV:  9    Int:  5    God:    Qazlal [**....]
Gold:   238        SH:  7    Dex:  8    Spells: 4/4 levels left

rFire   . . .      SeeInvis .   o - +2 dagger (venom)
rCold   + . .      Faith    .   c - +0 buckler
rNeg    + + +      Spirit   .   b - +0 scale mail
rPois   ∞          Reflect  .   (no helmet)
rElec   .          Harm     .   f - +0 cloak
rCorr   .          Rampage  .   j - +0 pair of gloves
Will    .....                   g - +0 pair of boots
Stlth   ..........              (no amulet)
HPRegen 0.00/turn               (no ring)
MPRegen 0.09/turn               (no ring)

@: inhibited regen
A: claws 1, cold resistance 1, negative energy resistance 3, inhibited
regeneration, torment resistance 2
a: Renounce Religion, Upheaval


You were on level 4 of the Dungeon.
You worshipped Qazlal.
Qazlal was pleased with you.
You visited 1 branch of the dungeon, and saw 4 of its levels.

You collected 238 gold pieces.

Inventory:

Hand Weapons
 a - a +0 flail
 o - a +2 dagger of venom (weapon)
Armour
 b - a +0 scale mail (worn)
 c - a +0 buckler (worn)
 f - a +0 cloak (worn)
 g - a +0 pair of boots (worn)
 j - a +0 pair of gloves (worn)
Jewellery
 k - a ring of wizardry
Wands
 i - a wand of polymorph (3)
 t - a wand of charming (10)
Scrolls
 e - 3 scrolls of identify {unknown}
 h - a scroll of fog {unknown}
 l - a scroll of blinking {unknown}
 n - a scroll of fear {unknown}
 p - a scroll of teleportation {unknown}
Potions
 d - a potion of might
 m - a potion of brilliance {unknown}
 q - a potion of heal wounds {unknown}
 r - a potion of curing {unknown}
 s - a potion of attraction {unknown}


   Skills:
 + Level 4.1 Fighting
 - Level 0.6(1.9) Axes
 * Level 2.9(3.0) Maces & Flails
 + Level 3.3 Armour
 + Level 1.2 Dodging
 + Level 3.2 Shields
 * Level 2.5 Invocations


You had 4 spell levels left.
You didn't know any spells.
Your spell library contained the following spells:

 Spells                   Type           Power      Damage    Failure   Level
 Magic Dart               Conj           0%         1d3       89%         1
 Call Imp                 Summ           0%         N/A       96%         2
 Gell's Gravitas          Tloc           0%         N/A       99%         3
 Lesser Beckoning         Tloc           0%         N/A       99%         3
 Mephitic Cloud           Conj/Pois/Air  0%         N/A       99%         3
 Teleport Other           Tloc           0%         N/A       99%         3


Dungeon Overview and Level Annotations

Branches:
Dungeon (4/15)
 Temple: D:4-7

Altars:
Qazlal


Innate Abilities, Weirdness & Mutations

You thrive by killing the living.
You are immune to poison.
You have sharp fingernails.
Your flesh is cold resistant. (rC+)
You are immune to negative energy. (rN+++)
You do not regenerate when monsters are visible.
You are immune to unholy pain and torment.


Message History

You hit the hobgoblin.
The hobgoblin is moderately wounded.
You block the hobgoblin's attack.
You completely miss the hobgoblin.
The hobgoblin is moderately wounded.
The hobgoblin hits you.
You hit the hobgoblin.
You kill the hobgoblin!
Qazlal accepts your kill.
No target in view!
No target in view!
No target in view!
No target in view!
No target in view!
No target in view!
No target in view!
No target in view!
You see here a hobgoblin corpse.
You now have 223 gold pieces (gained 14).
You now have 238 gold pieces (gained 15).
An ogre comes into view. It is wielding a +0 giant club.
An ogre is nearby!
An ogre is nearby!
An ogre is nearby!
An ogre is nearby!
The ogre hits you with a +0 giant club!
You hit the ogre.
The ogre is moderately wounded.
You hit the ogre.
The ogre is moderately wounded.
You block the ogre's attack.
You barely miss the ogre.
The ogre is moderately wounded.
The ogre hits you with a +0 giant club!
You hit the ogre but do no damage.
The ogre is poisoned.
The ogre is moderately wounded.
The ogre hits you with a +0 giant club!
* * * LOW HITPOINT WARNING * * *
You open the door. The ogre hits you with a +0 giant club!
You die...

#.#.### #.# # #.#...# #.# #######
#.####.#.#.# #.# #......
.#......#.###.#########......
..............†..............
#......#.####...............
#........# #...............
#.####.###.######...............
...............O@'...............
........###.######....[..........
...###### #.# #............... #.
#.# #.........###### #.#
#########.#
#.##############.#####
..............##.#...#
#.#####.......##[#.#.##
#.......##.#.....


You could see an ogre (poisoned).

Vanquished Creatures
  A hound (D:2)
  An orc priest (D:3)
  A centaur skeleton (D:4)
  An orc wizard (D:3)
  A hound skeleton (D:4)
  An adder (D:3)
  An adder skeleton (D:4)
  4 worms
  2 dart slugs
  8 orcs
  6 endoplasms
  3 giant cockroaches (D:1)
  4 goblins
  9 hobgoblins
  3 kobolds
  2 quokkas
  2 ball pythons
  6 bats
  2 frilled lizards
  4 rats
62 creatures vanquished.

Notes
Turn   | Place    | Note
-------+----------+-------------------------------------------
     0 | D:1      | HallandMoats the Ghoul Fighter began the quest for the Orb.
     0 | D:1      | Reached XP level 1. HP: 19/19 MP: 0/0
   103 | D:1      | Reached XP level 2. HP: 17/26 MP: 1/1
   826 | D:2      | Found a faded altar of an unknown god.
   841 | D:2      | Prayed at the altar of an unknown god.
   841 | D:2      | Became a worshipper of Qazlal Stormbringer
   841 | D:2      | Reached * piety under Qazlal
   889 | D:2      | Reached skill level 1 in Invocations
   889 | D:2      | Reached XP level 3. HP: 24/33 MP: 2/2
  1095 | D:2      | Reached XP level 4. HP: 40/40 MP: 3/3
  1921 | D:3      | Reached ** piety under Qazlal
  2196 | D:3      | Reached XP level 5. HP: 46/46 MP: 5/5
  2358 | D:3      | Reached skill level 4 in Fighting
  2358 | D:3      | Reached skill level 1 in Dodging
  2745 | D:4      | Noticed an ogre
  2762 | D:4      | Mangled by an ogre

Illustrated notes

Levels and vault maps discovered:
D:1:      elethiomel_arrival_quiet, layout_loops_ring
D:2:      layout_loops_ring, dreamdust_ecumenical_altar_statues
D:3:      layout_loops_ring, kennysheep_generic_room_9
D:4:      layout_basic, mainiacjoe_overflow_two_lobes

Skill      XL: |  1  2  3  4  5 |
---------------+----------------+-----
Maces & Flails | 2 |  2.9
Invocations    | 1 2 |  2.5
Shields        | 3 |  3.2
Armour         | 3 |  3.3
Fighting       | 4 |  4.1
Dodging        | 1 |  1.2
Axes           | |  0.6

Action                   |  1- 3 |  4- 6 || total
-------------------------+-------+-------++-------
Melee: Flail             |    93 |    73 ||   166
       Dagger            |       |    62 ||    62
Armor: Scale mail        |    58 |    45 ||   103
Dodge: Dodged            |    51 |    38 ||    89
Block: Buckler           |    30 |    26 ||    56

Table legend: (Time is in decaauts)
 A = Elapsed time spent in this place.
 B = Non-inter-level travel time spent in this place.
 C = Inter-level travel time spent in this place.
 D = Time resting spent in this place.
 E = Time spent auto-exploring this place.
 F = Levels seen in this place.
 G = Mean time per level.
                   A        B        C        D        E       F      G
               +--------+--------+--------+--------+--------+-----+--------+
         Total |   2818 |   2640 |    178 |      0 |   2083 |   4 |  704.5 |
       Dungeon |   2818 |   2640 |    178 |      0 |   2083 |   4 |  704.5 |
               +--------+--------+--------+--------+--------+-----+--------+

Top non-repeatable levels by time:
     D:2: 919 daAuts
     D:1: 812 daAuts
     D:3: 802 daAuts
     D:4: 284 daAuts
